[Event "FIDE WCCC U8 2018"]
[Site "Santiago de Compostela"]
[Date "2018.11.15"]
[Round "11"]
[White "Mamedov, Edgar"]
[Black "Chennareddy, Yuvraj"]
[Result "0-1"]
[ECO "A28"]
[WhiteElo "1599"]
[BlackElo "1497"]
[Annotator "NA"]
[PlyCount "130"]
[EventDate "2018.11.04"]
[EventType "swiss"]
[EventCountry "ESP"]
[SourceTitle "playchess.com"]
[Source "ChessBase"]
[SourceQuality "1"]
[TimeControl "40/5400+30:1800+30"]

1. c4 e5 2. Nc3 Nf6 3. Nf3 Nc6 4. e3 Be7 5. d3 O-O 6. Be2 d5 7. cxd5 Nxd5 8. O-O Nxc3 9. bxc3 Be6 10. c4 Bf6 11. Bb2 Qd7 12. Qb1 Rab8 13. a4 a6 14. Ba3 Rfd8 15. e4 Bg4 16. Rd1 Bxf3 17. Bxf3 Nd4 18. Qb2 Nxf3+ 19. gxf3 Qh3 20. Qe2 Bg5 21. Bc1 Bxc1 22. Qf1 Qxf1+ 23. Kxf1 Bf4 24. h3 Rd6 25. a5 Rbd8 26. Ke2 Rh6 27. Rh1 b6 28. axb6 Rxb6 29. Ra2 g6 30. Rha1 Kg7 31. Rd1 Rdb8 32. Rda1 Rb2+ 33. Kf1 Rxa2 34. Rxa2 Rb6 35. Ke2 Kh6 36. Kf1 Rd6 37. Ra3 f5 38. Kg2 fxe4 39. fxe4 Bd2 40. Kf3 Bb4 41. Rb3 c5 42. Kg4 a5 43. f4 a4 44. Rb1 exf4 45. Kxf4 a3 46. e5 Ra6 47. d4 a2 48. Ra1 Bc3 49. Rxa2 Rxa2 50. d5 Kg7 51. Ke4 Re2+ 52. Kd3 Rxe5 53. Kxc3 Re3+ 54. Kd2 Rxh3 55. d6 Kf7 56. d7 Ke7 57. d8=Q+ Kxd8 58. Kc2 Rf3 59. Kb2 h5 60. Ka2 h4 61. Kb2 h3 62. Ka2 h2 63. Kb2 h1=Q 64. Ka2 Qg2+ 65. Ka1 Rf1# 0-1

[Event "FIDE WCCC U8 2018"]
[Site "Santiago de Compostela"]
[Date "2018.11.15"]
[Round "11"]
[White "Golovchenko, Bogdan"]
[Black "Zverev, Lev"]
[Result "0-1"]
[ECO "A80"]
[WhiteElo "1556"]
[BlackElo "1723"]
[Annotator "NA"]
[PlyCount "74"]
[EventDate "2018.11.04"]
[EventType "swiss"]
[EventCountry "ESP"]
[SourceTitle "playchess.com"]
[Source "ChessBase"]
[SourceQuality "1"]
[TimeControl "40/5400+30:1800+30"]

1. d4 f5 2. Nf3 Nf6 3. c4 g6 4. Nc3 Bg7 5. e3 O-O 6. b3 d6 7. Bb2 Qe8 8. Bd3 a5 9. O-O Na6 10. a3 e5 11. dxe5 dxe5 12. Bc2 Bd7 13. Qe2 h6 14. Rfd1 g5 15. e4 f4 16. Nd5 Nh7 17. Qd2 Rd8 18. Qxa5 g4 19. Nh4 Qh5 20. g3 Ng5 21. Ne7+ Kh7 22. Nef5 Bxf5 23. exf5 Bf6 24. Bxe5 Nf3+ 25. Nxf3 gxf3 26. Be4 fxg3 27. Bxg3 Qg4 28. Bxb7 Bxa1 29. Rxa1 Rxf5 30. Qxa6 Qh3 31. Bxf3 Rxf3 32. Re1 Rf7 33. Qc6 Qf5 34. b4 Rg8 35. c5 Qxf2+ 36. Kh1 Qxe1+ 37. Kg2 Qf1# 0-1

[Event "FIDE WCCC U8 2018"]
[Site "Santiago de Compostela"]
[Date "2018.11.15"]
[Round "11"]
[White "Gordeev, Denis"]
[Black "Chen, Zhiyuan"]
[Result "1-0"]
[ECO "B20"]
[WhiteElo "1553"]
[BlackElo "1459"]
[Annotator "NA"]
[PlyCount "59"]
[EventDate "2018.11.04"]
[EventType "swiss"]
[EventCountry "ESP"]
[SourceTitle "playchess.com"]
[Source "ChessBase"]
[SourceQuality "1"]
[TimeControl "40/5400+30:1800+30"]

1. e4 c5 2. b4 cxb4 3. a3 d5 4. exd5 Qxd5 5. Nf3 e5 6. c4 Qe4+ 7. Be2 Nc6 8. O-O Nf6 9. Re1 Bd6 10. Bf1 Qf5 11. Bb2 O-O 12. axb4 e4 13. c5 Bc7 14. Nh4 Bxh2+ 15. Kxh2 Ng4+ 16. Qxg4 Qxg4 17. g3 Bf5 18. Bc3 Rfe8 19. Na3 Ne5 20. Bxe5 Rxe5 21. Nc4 f6 22. Nxe5 fxe5 23. Nxf5 Qxf5 24. Re2 Rd8 25. Rxa7 e3 26. Bh3 Qf3 27. Be6+ Kf8 28. Bg4 Qxg4 29. Rxe3 Rxd2 30. Kg2 1-0

[Event "FIDE WCCC U8 2018"]
[Site "Santiago de Compostela"]
[Date "2018.11.15"]
[Round "11"]
[White "Villa Tornero, Alex"]
[Black "Levitan, Caleb Levi"]
[Result "0-1"]
[ECO "A01"]
[WhiteElo "1441"]
[BlackElo "1087"]
[Annotator "NA"]
[PlyCount "95"]
[EventDate "2018.11.04"]
[EventType "swiss"]
[EventCountry "ESP"]
[SourceTitle "playchess.com"]
[Source "ChessBase"]
[SourceQuality "1"]
[TimeControl "40/5400+30:1800+30"]

1. b3 Nf6 2. Nf3 g6 3. Bb2 Bg7 4. g3 O-O 5. Bg2 d6 6. d4 e5 7. dxe5 Ng4 8. h3 Nxe5 9. Nxe5 Bxe5 10. Bxe5 dxe5 11. Qxd8 Rxd8 12. Nd2 c6 13. O-O-O Be6 14. Ne4 Na6 15. g4 Kg7 16. g5 Bd5 17. c4 Bxe4 18. Bxe4 Nc5 19. Bg2 a5 20. Rxd8 Rxd8 21. Rd1 Rxd1+ 22. Kxd1 Ne6 23. h4 h6 24. gxh6+ Kxh6 25. Bh3 Nf4 26. Bg4 f5 27. Bf3 e4 28. e3 Nd3 29. Be2 Nxf2+ 30. Ke1 Ng4 31. Bxg4 fxg4 32. Kf2 Kh5 33. Kg3 g5 34. hxg5 Kxg5 35. c5 Kh5 36. a3 Kg5 37. a4 Kh5 38. Kf4 Kh4 39. Kxe4 g3 40. Ke5 g2 41. Kd6 g1=Q 42. Kc7 Qxe3 43. Kb6 Qxb3+ 44. Kxa5 Qc3+ 45. Kb6 Qb4+ 46. Kc7 Qxc5 47. Kxb7 Qb4+ 48. Ka6 0-1